 Dungeon Crawl Stone Soup version 0.27-a0-965-gbf8bb431c4 (webtiles) character file.

Game seed: 13882125944194785115

1213307 thegreatwait the Minotaur Porcupine (level 27, -10/218 HPs)
             Began as a Minotaur Monk on Apr 10, 2021.
             Was the Champion of the Shining One.
             Killed from afar by a Hell Sentinel (47 damage)
             ... with damnation
             ... in Pandemonium on Apr 12, 2021.
             The game lasted 04:45:44 (91322 turns).

thegreatwait the Minotaur Porcupine (MiMo)         Turns: 91322, Time: 04:45:44

Health: -10/218    AC: 46    Str: 42    XL:     27
Magic:  16/40      EV: 24    Int: 16    God:    the Shining One [******]
Gold:   10468      SH: 31    Dex: 18    Spells: 18/53 levels left

rFire    + + +     SeeInvis +   P - +9 trishula (holy)
rCold    + . .     Faith    .   f - +0 tower shield
rNeg     + + +     Spirit   .   A - +11 gold dragon scales
rPois    +         Reflect  .   X - +0 mask of the Dragon {Will+ Slay+3 SInv}
rElec    +         Harm     .   S - +1 cloak of Ohosaur {Drain rElec rPois Regen+}
rCorr    .         Rampage  +   i - +1 pair of gloves of Pandemonium {Rampage Str+4 Int+4}
Will     +++++     Clarity  +   y - +2 pair of boots "Ren Qoi" {Rampage rF++}
Stlth    ..........             u - amulet of the Four Winds {rN+ Will+++ Clar}
HPRegen  0.00/turn              R - ring "Paguack" {AC+4 Str+8 Stlth+}
MPRegen  0.27/turn              E - ring of Raopnatt {rN+ Will+ MP+9 Str+6 Int+3}

@: unable to read, glowing, studying 3 skills
A: horns 2, retaliatory headbutt, beak, agile 1, berserk 2, clever 1, deformed
body, frail 2, low mp 2, strong-willed 1, inhibited regeneration, weak 1,
subdued magic 1, inability to read while threatened
}: 12/15 runes: decaying, serpentine, slimy, silver, iron, obsidian, abyssal,
demonic, glowing, magical, fiery, dark
a: Renounce Religion, Divine Shield, Cleansing Flame, Summon Divine Warrior


You were in Pandemonium.
You worshipped the Shining One.
The Shining One was exalted by your worship.
You visited 14 branches of the dungeon, and saw 68 of its levels.
You visited Pandemonium 1 time, and saw 13 of its levels.
You visited the Abyss 2 times.
You also visited: Sewer, Ossuary, Gauntlet and Wizlab.

You collected 13913 gold pieces.
You spent 3445 gold pieces at shops.

Inventory:

Hand Weapons
 P - a +9 trishula of holy wrath (weapon)
Armour
 f - a +0 tower shield (worn)
 i - the +1 pair of gloves of Pandemonium (worn) {Rampage Str+4 Int+4}
   (You acquired it in Pandemonium)

   It affects your strength (+4).
   It affects your intelligence (+4).
   It bestows one free step when moving towards enemies.
 y - the +2 pair of boots "Ren Qoi" (worn) {Rampage rF++}
   (Okawaru gifted it to you on level 2 of the Elven Halls)

   It greatly protects you from fire.
   It bestows one free step when moving towards enemies.
 A - +11 gold dragon scales (worn)
 S - the +1 cloak of Ohosaur (worn) {Drain rElec rPois Regen+}
   (You found it on level 4 of the Depths)

   It insulates you from electricity.
   It protects you from poison.
   It increases your rate of health regeneration.
   It drains your maximum health when unequipped.
 X - the +0 mask of the Dragon (worn) {Will+ Slay+3 SInv}
   (You found it on level 5 of the Vaults)

   It affects your accuracy and damage with ranged weapons and melee attacks
   (+3).
   It lets you see invisible.
   It increases your willpower.
Jewellery
 a - a ring of resist corrosion
 j - the ring "Zoepn" {Fly Int+3}
   (You found it in Pandemonium)

   [ring of flight]

   It affects your intelligence (+3).
   It grants you flight.
 u - the amulet of the Four Winds (around neck) {rN+ Will+++ Clar}
   (You found it on level 5 of the Pits of Slime)

   [amulet of nothing]

   It protects you from negative energy.
   It protects you against confusion.
   It greatly increases your willpower.
 E - the ring of Raopnatt (right hand) {rN+ Will+ MP+9 Str+6 Int+3}
   (You found it on level 3 of the Elven Halls)

   [ring of strength]

   It affects your strength (+6).
   It affects your intelligence (+3).
   It protects you from negative energy.
   It affects your magic capacity (+9).
   It increases your willpower.
 Q - the ring of Vehumet's Condemnation {Wiz rC+}
   (You found it in Pandemonium)

   [ring of wizardry]

   It improves your spell success rate.
   It protects you from cold.
 R - the ring "Paguack" (left hand) {AC+4 Str+8 Stlth+}
   (You found it on level 4 of the Depths)

   [ring of protection]

   It affects your AC (+4).
   It affects your strength (+8).
   It makes you more stealthy.
 Y - the amulet of Ecisucw {Acrobat Str+3}
   (You found it in Pandemonium)

   [amulet of the acrobat]

   It increases your evasion while moving and waiting.
   It affects your strength (+3).
Wands
 g - a wand of mindburst (67)
 s - a wand of paralysis (60)
 t - a wand of acid (53)
 z - a wand of polymorph (45)
 G - a wand of digging (19)
 J - a wand of removedness (13)
 V - a wand of iceblast (39)
 W - a wand of flame (168)
 Z - a wand of charming (11)
Scrolls
 c - 39 scrolls of identify
 d - 8 scrolls of immolation
 h - 4 scrolls of enchant weapon
 k - 10 scrolls of vulnerability
 l - 24 scrolls of teleportation
 v - 5 scrolls of fog
 x - 3 scrolls of blinking
 B - 5 scrolls of holy word
 C - 13 scrolls of magic mapping
 F - 7 scrolls of brand weapon
 H - 5 scrolls of silence
 I - 9 scrolls of fear
 N - 3 scrolls of amnesia
 U - 5 scrolls of summoning
Potions
 b - 3 potions of berserk rage
 e - 4 potions of cancellation
 m - 8 potions of ambrosia
 o - 10 potions of might
 p - 35 potions of curing
 q - 5 potions of resistance
 r - 10 potions of brilliance
 w - 2 potions of heal wounds
 D - 14 potions of haste
 K - 10 potions of lignification
 M - 6 potions of magic
 O - 6 potions of flight


   Skills:
 O Level 27 Fighting
 - Level 15.6(22.9) Axes
 O Level 27 Polearms
 O Level 27 Armour
 O Level 27 Dodging
 - Level 1.5 Stealth
 O Level 27 Shields
 + Level 13.7 Spellcasting
 * Level 20.2 Translocations
 - Level 0.7 Transmutations
 - Level 0.7 Fire Magic
 - Level 0.6 Ice Magic
 - Level 0.5 Air Magic
 - Level 0.8 Earth Magic
 - Level 0.5 Poison Magic
 - Level 12.0 Invocations
 - Level 12.0 Evocations


You had 18 spell levels left.
You knew the following spells:

 Your Spells              Type           Power      Damage    Failure   Level
a - Blink                 Tloc           N/A        N/A       0%          2
b - Manifold Assault      Tloc           55%        N/A       1%          5
c - Passage of Golubria   Tloc           N/A        N/A       1%          4
d - Dispersal             Tloc           27%        N/A       1%          6
e - Teleport Other        Tloc           55%        N/A       0%          3
f - Lesser Beckoning      Tloc           27%        N/A       0%          3
g - Gell's Gravitas       Tloc           27%        N/A       0%          3
h - Apportation           Tloc           100%       N/A       0%          1
i - Disjunction           Tloc           27%        N/A       28%         8

Your spell library contained the following spells:

 Spells                   Type           Power      Damage    Failure   Level
 Portal Projectile        Hex/Tloc       66%        N/A       1%          3
 Summon Forest            Summ/Tloc      16%        N/A       7%          5
 Sandblast                Erth           20%        2d7       12%         1
 Freeze                   Ice            40%        1d6       13%         1
 Sting                    Tmut/Pois      40%        1d5       13%         1
 Foxfire                  Conj/Fire      36%        2x1d5     16%         1
 Shock                    Conj/Air       36%        1d5       16%         1
 Animate Skeleton         Necr           16%        N/A       17%         1
 Corona                   Hex            8%         N/A       17%         1
 Pain                     Necr           32%        1d5       17%         1
 Summon Small Mammal      Summ           32%        N/A       17%         1
 Passwall                 Tmut/Erth      8%         N/A       19%         2
 Poisonous Vapours        Pois/Air       18%        N/A       21%         2
 Swiftness                Air            9%         N/A       21%         2
 Corpse Rot               Necr/Air       N/A        N/A       24%         2
 Ensorcelled Hibernation  Hex/Ice        18%        N/A       24%         2
 Call Imp                 Summ           8%         N/A       26%         2
 Slow                     Hex            8%         N/A       26%         2
 Sublimation of Blood     Necr           4%         N/A       26%         2
 Frozen Ramparts          Ice            20%        1d4       38%         3
 Ignite Poison            Fire/Tmut/Pois 10%        N/A       38%         3
 Ozocubu's Armour         Ice            10%        N/A       38%         3
 Stone Arrow              Conj/Erth      18%        3d8       41%         3
 Conjure Flame            Conj/Fire      9%         6-21      43%         3
 Inner Flame              Hex/Fire       9%         N/A       43%         3
 Mephitic Cloud           Conj/Pois/Air  9%         N/A       43%         3
 Static Discharge         Conj/Air       9%         N/A       45%         3
 Call Canine Familiar     Summ           8%         N/A       47%         3
 Confusing Touch          Hex            8%         N/A       47%         3
 Dazzling Flash           Conj/Hex       16%        N/A       47%         3
 Summon Guardian Golem    Hex/Summ       8%         N/A       47%         3
 Tukima's Dance           Hex            8%         N/A       47%         3
 Ice Form                 Ice/Tmut       10%        N/A       80%         4
 Petrify                  Tmut/Erth      10%        N/A       80%         4
 Airstrike                Air            4%         N/A       82%         4
 Olgreb's Toxic Radiance  Pois           9%         N/A       82%         4
 Sticky Flame             Conj/Fire      9%         2d3       85%         4
 Hailstorm                Conj/Ice       9%         3d4       86%         4
 Summon Ice Beast         Ice/Summ       9%         N/A       86%         4
 Summon Lightning Spire   Summ/Air       9%         N/A       86%         4
 Animate Dead             Necr           4%         N/A       88%         4
 Cause Fear               Hex            4%         N/A       88%         4
 Dispel Undead            Necr           8%         3d8       88%         4
 Fulminant Prism          Conj/Hex       4%         3d6       88%         4
 Malign Gateway           Summ/Tloc      16%        N/A       94%         7
 Agony                    Necr           8%         N/A       99%         5
 Alistair's Intoxication  Tmut/Pois      6%         N/A       99%         5
 Bolt of Magma            Conj/Fire/Erth 4%         4d5       99%         5
 Borgnjor's Vile Clutch   Necr/Erth      4%         N/A       99%         5
 Excruciating Wounds      Necr           4%         N/A       99%         5
 Fireball                 Conj/Fire      4%         3d4       99%         5
 Hydra Form               Tmut           5%         N/A       99%         5
 Irradiate                Conj/Tmut      4%         3d14      99%         5
 Iskenderun's Battlesphe  Conj           8%         2d6       99%         5
 Lightning Bolt           Conj/Air       4%         1d16      99%         5
 Metabolic Englaciation   Hex/Ice        4%         N/A       99%         5
 Silence                  Hex/Air        4%         N/A       99%         5
 Yara's Violent Unravell  Hex/Tmut       4%         3d4       99%         5
 Blade Hands              Tmut           5%         N/A       100%        6
 Conjure Ball Lightning   Conj/Air       4%         3x3d6     100%        6
 Death Channel            Necr           4%         N/A       100%        6
 Eringya's Noxious Bog    Tmut/Pois      5%         N/A       100%        6
 Freezing Cloud           Conj/Ice/Air   4%         6-21      100%        6
 Invisibility             Hex            8%         N/A       100%        6
 Iron Shot                Conj/Erth      4%         9d2       100%        6
 Simulacrum               Ice/Necr       4%         N/A       100%        6
 Starburst                Conj/Fire      4%         8x6d4     100%        6
 Statue Form              Tmut/Erth      6%         N/A       100%        6
 Dragon Form              Tmut           5%         N/A       100%        7
 Haunt                    Necr/Summ      4%         N/A       100%        7
 Monstrous Menagerie      Summ           4%         N/A       100%        7
 Orb of Destruction       Conj           4%         9d2       100%        7
 Ozocubu's Refrigeration  Ice            5%         4d6       100%        7
 Spellforged Servitor     Conj/Summ      4%         N/A       100%        7
 Summon Hydra             Summ           4%         N/A       100%        7
 Discord                  Hex            4%         N/A       100%        8
 Ignition                 Fire           5%         3d4       100%        8
 Summon Horrible Things   Summ           4%         N/A       100%        8
 Dragon's Call            Summ           4%         N/A       100%        9
 Tornado                  Air            4%         N/A       100%        9


Dungeon Overview and Level Annotations

Branches:
Dungeon (15/15)            Temple (1/1) D:4            Lair (6/6) D:11
  Swamp (4/4) Lair:4        Snake (4/4) Lair:3        Slime (5/5) Lair:5
    Orc (2/2) D:11            Elf (3/3) Orc:2        Vaults (5/5) D:13
  Crypt (3/3) Vaults:2       Tomb (0/3) Crypt:3      Depths (5/5) D:15
   Hell (visited)             Dis (7/7) Hell            Geh (7/7) Hell
    Coc (0/7) Hell            Tar (0/7) Hell            Zot (0/5) Depths:5
  Sewer (visited)         Ossuary (visited)          WizLab (visited)
Gauntlet (visited)

Altars:
Ashenzari
Cheibriados
Dithmenos
Elyvilon
Fedhas
Gozag
Hepliaklqana
Kikubaaqudgha
Makhleb
Nemelex Xobeh
Okawaru
Qazlal
Ru
Sif Muna
Trog
Uskayaw
Vehumet
Wu Jian
Xom
Yredelemnul
Zin
The Shining One
Beogh
Lugonu

Shops:
D:3 [   D:5 !   D:8 (   Orc:2 !:*[   Elf:3 *   Snake:1 ?[   Vaults:3 [*
Vaults:5 !!!   Depths:2 *(   Depths:4 (([!   Depths:5 =:=

Portals:
Hell: Depths:1 Depths:2 Depths:3 Depths:4 Depths:5
Abyss: D:11 Depths:1 Depths:4 Depths:5
Pandemonium: Orc:2 Depths:3
Ziggurat: Depths:1

Annotations:
D:2 1 runed translucent door, Crazy Yiuf
D:11 2 transporters, tinescath's ghost, journeyman DjWz
D:12 exclusion: orange crystal statue


Innate Abilities, Weirdness & Mutations

You have a pair of horns on your head.
You reflexively headbutt those who attack you in melee.
You have a beak for a mouth.
You are agile. (Dex +2)
You often lose your temper in combat.
Your mind is acute. (Int +2)
Armour fits poorly on your strangely shaped body.
You are very frail. (-20% HP)
Your magical capacity is very low. (-20% MP)
You are strong-willed. (Will+)
You do not regenerate when monsters are visible.
You are weak. (Str -2)
Your spells are a little easier to cast, but a little less powerful.
You sometimes lose the ability to read scrolls when taking damage.


Message History

You feel threatened and lose the ability to read scrolls!
The damnation engulfs the Hell Sentinel.
The Hell Sentinel completely resists.
You hear a hideous shriek!
You hear a bellow!
You hear a roar!
You are too injured to fight recklessly!
Casting: Manifold Assault (safe; 1% risk of failure)
Confirm with . or Enter, or press ? or * to list all spells.
Space momentarily warps into an impossible shape!
You skewer the ufetubus like a kebab!!!
You kill the ufetubus!
You impale the ufetubus!!
You kill the ufetubus!
You puncture the ynoxinul!
The ynoxinul convulses!
You impale the Hell Sentinel!!
The Hell Sentinel convulses!
You headbutt the Hell Sentinel.
The Hell Sentinel is heavily wounded.
The Hell Sentinel gestures at you.
The sphere of damnation explodes!
The damnation engulfs you!!!
* * * LOW HITPOINT WARNING * * *
The damnation engulfs the Hell Sentinel.
The Hell Sentinel completely resists.
You spit the Hell Sentinel like a pig!!!
The Hell Sentinel convulses.
You headbutt the Hell Sentinel, but do no damage.
You peck the Hell Sentinel, but do no damage.
The Hell Sentinel is almost dead.
You block the Hell Sentinel's attack. x2
You hit the Hell Sentinel but do no damage.
You headbutt the Hell Sentinel, but do no damage.
You peck the Hell Sentinel.
The Hell Sentinel is almost dead.
The Ice Fiend calls on the powers of darkness!
Your body is wracked with pain!
* * * LOW HITPOINT WARNING * * *
You hit the Hell Sentinel but do no damage.
You headbutt the Hell Sentinel!
The Hell Sentinel is almost dead.
The Hell Sentinel gestures at you.
The sphere of damnation explodes!
The damnation engulfs you!!!
You die...

#########
........###
......!...#
#.#.#.#...#
.#.#.#....#
#...#.#(13# .
.....#..56######....
....∩.#566)1@.......
.....#.35######.....
#...#)#..# ...
.#.#.#...# .
#.#.#3#..#
....3....#
........## #########


You could see a Hell Sentinel, an infernal demonspawn, 2 demonspawn, a ynoxinul
and 3 ufetubi.

Vanquished Creatures
  Cerebov (Pan)
  Asmodeus (Geh:7)
  the Royal Jelly (Slime:5)
  Ignacio (Pan)
  Lom Lobon (Pan)
  Mnoleg (Pan)
  3 ancient liches
  Mennas (Vaults:3)
  Mara (Vaults:3)
  A juggernaut (Depths:3)
  8 pandemonium lords (Pan)
  the Lernaean hydra (Swamp:4)
  Frederick (Crypt:3)
  Vashnia (Snake:4)
  Saint Roka (Depths:5)
  The ghost of Litabreata the Executioner, a veteran FoFi of Dithmenos (Crypt:3)
  2 caustic shrikes (Depths:3)
  Geryon (Hell)
  Jory (Crypt:3)
  7 bone dragons
  A shard shrike zombie (Crypt:3)
  32 Brimstone Fiends
  5 Ice Fiends
  15 iron giants
  A hellephant (Abyss:5)
  Jorgrun (Orc:2)
  23 titans
  6 tentacled monstrosities
  12 Hell Sentinels
  15 liches
  30 acid blobs
  11 deep elf blademasters
  9 tentacled starspawn
  Frances (D:13)
  11 deep elf master archers
  An eldritch tentacle (Pan)
  The ghost of crescentfresh the Warrior, an adept HuWn of Gozag (Swamp:1)
  24 Executioners
  2 quicksilver dragons
  5 sphinxes
  30 ancient champions
  Agnes (D:15)
  The ghost of Powis the Thaumaturge, an adept GnIE of Cheibriados (D:15)
  6 shadow dragons
  Kirke (Lair:5)
  5 storm dragons
  7 tengu reavers
  Donald (Swamp:4)
  6 nagarajas
  24 azure jellies
  A draconian monk (Geh:1)
  Roxanne (Snake:3)
  A fenstrider witch (Swamp:3)
  A revenant (Vaults:2)
  7 deep elf sorcerers
  26 fire giants
  Louise (Elf:1)
  4 orc warlords
  A draconian knight (Geh:4)
  25 rockslimes
  8 deep elf elementalists
  5 warmongers (Pan)
  3 draconian shifters
  3 black suns (Pan)
  14 iron dragons
  36 balrugs
  2 draconian scorchers
  22 cacodemons
  A juggernaut zombie (Crypt:3)
  Aizul (Snake:3)
  A draconian stormcaller (Dis:1)
  14 vault wardens
  4 ghouls
  26 frost giants
  3 draconian annihilators (Pan)
  20 ironbound preservers
  25 war gargoyles
  19 quicksilver oozes
  53 reapers
  4 curse skulls
  37 very ugly things
  27 stone giants
  4 blood saints (Pan)
  7 vampire knights
  Nessos (D:13)
  4 green draconians
  5 black draconians
  A corrupter (Pan)
  10 deep elf annihilators
  5 deep elf demonologists
  2 entropy weavers
  8 dire elephants
  12 lorocyprocas
  2 minotaurs
  4 red draconians
  3 yellow draconians
  7 bunyips
  2 purple draconians
  3 white draconians
  7 spark wasps
  Azrael (Snake:3)
  10 deep elf death magi
  An orange crystal statue (WizLab)
  25 ettins
  21 blizzard demons
  4 salamander tyrants (Snake:4)
  12 quicksilver dragon zombies
  2 merfolk impalers
  19 yaktaur captains
  6 eidola
  14 green deaths
  2 eleionomae
  A merfolk javelineer (Crypt:3)
  8 fire dragons
  2 crystal guardians (Depths:4)
  3 jiangshi
  11 great orbs of eyes
  A shambling mangrove (Swamp:4)
  4 ironbound thunderhulks
  8 deep elf high priests
  16 naga warriors
  4 monstrous demonspawn (Pan)
  7 ogre magi
  8 quicksilver dragon skeletons
  4 spriggan air magi
  37 vault guards
  29 hydras
  12 ice dragons
  11 rakshasas
  A catoblepas (Lair:2)
  4 hell beasts
  5 boulder beetles
  6 anacondas
  A ghost crab (Swamp:4)
  6 death knights
  8 ironbound frosthearts
  29 dancing weapons
  11 deep troll shamans
  23 centaur warriors
  13 two-headed ogres
  11 tengu warriors
  9 deep troll earth magi
  3 alligators
  61 hell hogs
  11 spriggan berserkers
  13 naga sharpshooters
  8 vampire magi
  4 death yaks
  7 ironbound beastmasters
  4 titan zombies
  7 orc high priests
  8 thrashing horrors
  6 shock serpents
  Nergalle (D:10)
  76 hell knights
  63 sun demons
  23 deep elf knights
  9 titan skeletons
  Sonja (D:10)
  33 soul eaters
  3 iron golems (Dis:7)
  7 shadow wraiths
  5 salamander mystics
  4 storm dragon zombies
  126 skeletal warriors
  2 spatial maelstroms (Abyss:5)
  8 wretched stars
  16 iron trolls
  2 storm dragon skeletons
  16 sixfirhies
  A ghost moth zombie (Dis:6)
  A death drake (Swamp:3)
  2 golden dragon zombies (Dis:7)
  3 goliath frogs
  8 gelid demonspawn
  2 sea snakes (Snake:2)
  18 swamp dragons
  7 infernal demonspawn (Pan)
  2 torturous demonspawn
  5 spriggan druids
  4 naga ritualists
  17 deep elf archers
  19 flayed ghosts
  8 glowing orange brains
  9 shadow dragon zombies
  Pikel (D:9)
  9 wolf spider zombies
  2 anaconda zombies
  66 deep trolls
  2 lindwurms (Vaults:2)
  17 necromancers
  13 wizards
  6 golden dragon skeletons
  16 bog bodies
  16 orc knights
  29 phantasmal warriors
  6 anaconda skeletons
  22 ironbound convokers
  9 shadow demons
  40 deep elf pyromancers
  30 deep elf zephyrmancers
  2 mana vipers (shapeshifter)
  6 harpies
  6 frost giant zombies
  4 shadow dragon skeletons
  9 iron dragon zombies
  3 fire giant zombies
  2 oklob plants (Lair:5)
  5 stone giant zombies
  7 orc sorcerers
  7 mana vipers
  4 cyclopes
  A wolf spider (shapeshifter) (Vaults:5)
  3 worldbinders
  13 shining eyes
  3 manticores
  A cyclops (shapeshifter) (Depths:5)
  5 will-o-the-wisps
  14 salamanders
  5 centaur zombies
  5 fire giant skeletons
  57 ugly things
  18 elephants
  4 guardian serpents
  6 stone giant skeletons
  A moth of wrath (shapeshifter) (Vaults:5)
  7 iron dragon skeletons
  A torpor snail (shapeshifter) (Vaults:5)
  18 molten gargoyles
  3 eyes of devastation
  7 dire elephant zombies
  59 rust devils
  An ice statue (Hell)
  32 black mambas
  23 orange demons
  An apocalypse crab (Abyss:5)
  26 vault sentinels
  6 frost giant skeletons
  53 hellions
  22 naga magi
  3 gargoyles (Depths:4)
  49 smoke demons
  An alligator snapping turtle zombie (Crypt:2)
  5 dire elephant skeletons
  An unseen horror (shapeshifter) (D:14)
  24 cane toads
  2 catoblepas zombies
  A minotaur zombie (Geh:4)
  Maggie (D:6)
  4 rime drakes
  19 freezing wraiths
  10 unseen horrors
  2 shock serpent skeletons
  21 demonic crawlers
  2 sea snake zombies (Hell)
  37 yaktaurs
  2 tengu conjurers
  9 ice devils
  16 komodo dragons
  55 tormentors
  14 efreet
  3 emperor scorpion zombies
  26 hellwings (Pan)
  A silent spectre (Abyss:5)
  3 harpy zombies
  2 minotaur skeletons
  6 ancient zymes
  11 hydra zombies
  58 red devils
  A grey draconian skeleton (Crypt:1)
  2 harpy skeletons
  4 trolls
  3 meliai (D:15)
  3 polar bears
  A jumping spider (Vaults:3)
  3 hornets
  2 bloated husks
  8 tyrant leeches
  14 wind drakes (Pan)
  5 catoblepas skeletons
  8 dream sheep
  10 raiju
  8 ice dragon zombies
  32 blink frogs
  118 slime creatures
  7 hydra skeletons
  6 ettin zombies
  A snapping turtle (shapeshifter) (Depths:4)
  An alligator zombie (Crypt:2)
  5 fire dragon zombies
  A dream sheep (shapeshifter) (Vaults:5)
  A raiju (shapeshifter) (Elf:1)
  2 meliai zombies
  A centaur simulacrum (D:14)
  4 redbacks
  8 air elementals
  38 ynoxinuls
  162 flying skulls
  30 starcursed masses
  19 shadows
  4 ice dragon skeletons
  2 spriggans
  47 wraiths
  12 fire dragon skeletons
  A vampire (D:12)
  7 ettin skeletons
  5 water elementals
  6 black mamba zombies
  2 hogs (shapeshifter)
  41 yaks
  A yak (shapeshifter) (D:15)
  2 alligator skeletons
  6 hogs (Lair:5)
  3 wyverns
  67 large abominations
  32 neqoxecs
  A wind drake skeleton (Crypt:1)
  3 basilisks
  2 black mamba skeletons (Crypt:3)
  12 golden eyes
  48 fire elementals
  7 fire bats
  2 steam dragons
  39 chaos spawn
  A gelid demonspawn zombie (Crypt:2)
  2 spatial vortices (Abyss:5)
  3 sea snake simulacra (Hell)
  18 swamp worms
  A merfolk zombie (Geh:1)
  24 vampire mosquitoes
  Edmund (D:4)
  A faun zombie (Crypt:1)
  42 nagas
  82 hell hounds
  17 water moccasins
  6 wargs
  A hydra simulacrum (Hell)
  A gelid demonspawn skeleton (Crypt:1)
  5 floating eyes
  A cane toad zombie (Geh:3)
  A merfolk skeleton (Geh:7)
  Duvessa (D:4)
  8 swamp drakes
  5 black bears
  A torturous demonspawn skeleton (Crypt:3)
  A manticore zombie (Geh:7)
  41 orc warriors
  3 sky beasts
  2 cane toad skeletons (Geh:2)
  12 centaurs
  18 necrophages
  3 swamp dragon zombies
  12 wolves
  11 ogres
  An elephant skeleton (Crypt:1)
  A snapping turtle skeleton (Crypt:2)
  A lemure (D:9)
  A manticore skeleton (Dis:3)
  10 phantoms
  A swamp dragon skeleton (Geh:6)
  6 kobold brigands
  Blork the orc (D:4)
  25 bullfrogs
  3 elf zombies (Elf:1)
  A gnoll sergeant (D:11)
  A yaktaur zombie (Crypt:3)
  6 earth elementals
  An elf skeleton (Geh:7)
  3 scorpions
  Dowan (D:4)
  A warg zombie (Crypt:2)
  4 water moccasin zombies
  A water moccasin skeleton (D:5)
  20 small abominations
  A raiju zombie (Crypt:2)
  4 killer bees (D:9)
  123 wights
  A spriggan skeleton (Geh:5)
  10 electric eels
  A howler monkey (D:10)
  9 crimson imps
  4 human zombies
  A bullfrog zombie (Crypt:2)
  A centaur skeleton (D:6)
  5 hounds
  A gnoll shaman (D:7)
  A jelly (D:6)
  29 orc priests
  37 iron imps
  A human skeleton (Abyss:5)
  12 iguanas
  19 orc wizards
  4 hell rats (Lair:3)
  An acid dragon zombie (Crypt:2)
  A deep dwarf zombie (Crypt:2)
  An ogre skeleton (Geh:7)
  A dwarf skeleton (Crypt:1)
  9 mummies
  A hound skeleton (Crypt:1)
  A howler monkey zombie (D:9)
  8 gnolls
  2 river rats (Sewer)
  9 adders
  A swamp drake zombie (Crypt:2)
  3 shadow imps
  6 white imps
  2 ufetubi
  2 adder skeletons
  5 adder zombies (Ossuary)
  2 worms
  A dart slug (D:1)
  67 orcs
  5 ball pythons
  4 bats
  8 endoplasms
  2 giant cockroaches (D:3)
  7 gnoll zombies
  10 goblins
  9 hobgoblins
  16 jackals
  10 quokkas
  10 frilled lizards
  A hobgoblin skeleton (Crypt:3)
  A hobgoblin zombie (Ossuary)
  20 kobolds
  A kobold skeleton (Geh:7)
  4 kobold zombies (Ossuary)
  An orc skeleton (Geh:6)
  10 orc zombies (Ossuary)
  A quokka zombie (Crypt:3)
  4 rats
  12 ball lightnings (Pan)
  2 fire vortices (Pan)
  A lurking horror (Abyss:5)
  9 starspawn tentacles
4781 creatures vanquished.

Vanquished Creatures (collateral kills)
  Gloorx Vloq (Pan)
  Dispater (Dis:7)
  4 Brimstone Fiends (Geh:3)
  A Tzitzimitl (Pan)
  An iron giant (Dis:7)
  An Ice Fiend (Dis:7)
  2 liches
  A Hell Sentinel (Dis:7)
  An ancient champion (Dis:7)
  5 Executioners
  2 tentacled starspawn
  A fire giant (Geh:4)
  3 cacodemons (Pan)
  An ophan (Abyss:5)
  3 balrugs
  A war gargoyle (Dis:7)
  2 reapers
  A very ugly thing (Abyss:5)
  A corrupter (Pan)
  A yellow draconian (Geh:4)
  An ettin (Abyss:5)
  A green death (Abyss:5)
  A great orb of eyes (Abyss:5)
  2 hell hogs
  A titan zombie (Geh:7)
  An iron golem (Dis:7)
  4 thrashing horrors (Abyss:5)
  6 sun demons
  7 hell knights
  2 iron trolls (Dis:7)
  A storm dragon skeleton (Geh:7)
  3 wretched stars
  A sixfirhy (Abyss:4)
  2 shadow wraiths (Pan)
  A skeletal warrior (Dis:7)
  A ghost moth zombie (Dis:7)
  2 glowing orange brains
  5 large abominations
  A deep elf archer (Geh:3)
  A necromancer (Geh:5)
  3 anaconda skeletons
  3 frost giant zombies
  A shadow dragon skeleton (Geh:6)
  3 smoke demons
  An iron dragon skeleton (Geh:4)
  A stone giant skeleton (Pan)
  3 rust devils
  A molten gargoyle (Geh:7)
  4 orange demons
  2 dire elephant skeletons
  2 hellions (Pan)
  3 tormentors
  2 demonic crawlers (Pan)
  6 red devils
  3 ancient zymes
  A hydra skeleton (Geh:5)
  A raiju (Abyss:4)
  7 flying skulls
  4 starcursed masses
  5 ynoxinuls
  A shadow (Abyss:5)
  A fire elemental (Geh:6)
  2 fire bats (Abyss:1)
  A golden eye (Abyss:5)
  A neqoxec (Abyss:5)
  A spatial vortex (Abyss:5)
  7 hell hounds
  A necrophage (Geh:3)
  A snapping turtle skeleton (Pan)
  4 small abominations
  2 wights
  A crimson imp (Geh:3)
  6 iron imps
  2 white imps
  An ufetubus (Abyss:1)
  An orc skeleton (Geh:7)
  2 starspawn tentacles (Abyss:5)
169 creatures vanquished.

Vanquished Creatures (others)
  A lich (Depths:4)
  An eldritch tentacle (Pan)
  A fire giant (Vaults:5)
  A cacodemon (Pan)
  A blizzard demon (Pan)
  A naga warrior (Snake:4)
  3 deep elf knights
  A torturous demonspawn (Pan)
  A wizard (Vaults:2)
  A manticore (D:14)
  A will-o-the-wisp (Swamp:2)
  A smoke demon (Pan)
  A hellion (Pan)
  A bloated husk (Swamp:1)
  2 wind drakes (Pan)
  3 flying skulls
  A golden eye (Pan)
  2 small abominations
  2 swamp drakes (Swamp:4)
  3 hell hounds
  A cane toad skeleton (Geh:3)
  A necrophage (Geh:3)
  A wight (Dis:1)
  A crimson imp (Geh:7)
  A kobold (D:9)
  15 ball lightnings (Pan)
  6 demonic plants (Abyss:5)
  26 foxfires
  95 fungi
  160 plants
  11 starspawn tentacles
347 creatures vanquished.

Grand Total: 5297 creatures vanquished

Notes
Turn   | Place    | Note
-------+----------+-------------------------------------------
     0 | D:1      | thegreatwait the Minotaur Monk began the quest for the Orb.
     0 | D:1      | Reached XP level 1. HP: 19/19 MP: 0/0
   177 | D:1      | Reached XP level 2. HP: 13/26 MP: 1/1
   720 | D:1      | Reached skill level 5 in Axes
  1195 | D:1      | Reached XP level 3. HP: 30/31 MP: 2/2
  1757 | D:2      | Found a runed translucent door.
  1758 | D:2      | Noticed Crazy Yiuf
  1837 | D:2      | Reached XP level 4. HP: 15/39 MP: 3/3
  2603 | D:3      | Found a burning altar of Makhleb.
  2642 | D:3      | Found a glowing drain.
  2664 | Sewer    | Entered a sewer
  2912 | Sewer    | Noticed a kobold brigand
  2942 | Sewer    | Killed a kobold brigand
  2943 | Sewer    | Reached XP level 5. HP: 6/45 MP: 4/4
  3220 | Sewer    | Found a glowing silver altar of Zin.
  3362 | D:3      | Found a faded altar of an unknown god.
  3446 | D:3      | Found an ornate altar of the Wu Jian Council.
  3584 | D:3      | Found Xogh's Armour Boutique.
  3709 | D:3      | Noticed a phantom
  3719 | D:3      | Killed a phantom
  3720 | D:3      | Reached XP level 6. HP: 32/51 MP: 5/5
  4024 | D:3      | Found a shadowy altar of Dithmenos.
  4109 | D:3      | Found a bloodstained altar of Trog.
  4334 | D:4      | Found a broken altar of Ashenzari.
  4881 | D:4      | Noticed Edmund
  4903 | D:4      | Killed Edmund
  4904 | D:4      | Reached XP level 7. HP: 8/57 MP: 6/6
  5164 | D:4      | Found a staircase to the Ecumenical Temple.
  5175 | Temple   | Entered the Ecumenical Temple
  5224 | D:4      | Found an iron altar of Okawaru.
  5230 | D:4      | Became a worshipper of Warmaster Okawaru
  5230 | D:4      | Reached * piety under Okawaru
  5230 | D:4      | Reached ** piety under Okawaru
  5261 | D:4      | Noticed Blork the orc
  5275 | D:4      | Killed Blork the orc
  5397 | D:4      | Noticed Duvessa
  5404 | D:4      | Killed Duvessa
  5404 | D:4      | Noticed Dowan
  5405 | D:4      | Reached skill level 10 in Axes
  5410 | D:4      | Killed Dowan
  5955 | D:4      | Found a stormy altar of Qazlal.
  5955 | D:4      | Found a snail-covered altar of Cheibriados.
  6073 | D:5      | Entered Level 5 of the Dungeon
  6335 | D:5      | Found a sparkling altar of Nemelex Xobeh.
  6393 | D:5      | Reached XP level 8. HP: 17/64 MP: 4/7
  6792 | D:5      | Found Wabanwueh's Distillery.
  7882 | D:6      | Reached *** piety under Okawaru
  8035 | D:6      | Noticed Maggie
  8055 | D:6      | Killed Maggie
  8291 | D:6      | Reached XP level 9. HP: 70/70 MP: 8/8
  9060 | D:6      | Found a glowing golden altar of the Shining One.
  9554 | D:7      | Reached skill level 1 in Invocations
 10314 | D:7      | Reached **** piety under Okawaru
 10315 | D:7      | Reached skill level 15 in Axes
 10396 | D:8      | Found a sand-covered staircase.
 10404 | Ossuary  | Entered an ossuary
 10557 | Ossuary  | Identified the +10 trident of Imbalance {freeze, +Rage rN+}
 10604 | D:8      | Reached XP level 10. HP: 41/77 MP: 8/10
 10615 | D:8      | Reached skill level 5 in Polearms
 11066 | D:8      | Reached ***** piety under Okawaru
 11125 | D:8      | Found an opulent altar of Gozag.
 11195 | D:8      | Found Wuecup's Antique Weapon Boutique.
 12132 | D:9      | Noticed Pikel
 12147 | D:9      | Killed Pikel
 12148 | D:9      | Reached skill level 10 in Polearms
 12180 | D:9      | Found a hide-covered altar of Uskayaw.
 12180 | D:9      | Found a sacrificial altar of Ru.
 12238 | D:9      | Found a shimmering blue altar of Sif Muna.
 12361 | D:9      | Noticed a two-headed hydra
 12369 | D:9      | Killed a two-headed hydra
 12370 | D:9      | Reached XP level 11. HP: 78/82 MP: 11/11
 12571 | D:10     | Entered Level 10 of the Dungeon
 12759 | D:10     | Noticed Nergalle
 12769 | D:10     | Killed Nergalle
 12942 | D:10     | Noticed a two-headed ogre
 12949 | D:10     | Killed a two-headed ogre
 12950 | D:10     | Reached skill level 1 in Shields
 13073 | D:10     | Reached ****** piety under Okawaru
 13074 | D:10     | Noticed a white ugly thing
 13076 | D:10     | Noticed a red ugly thing
 13083 | D:10     | Noticed Sonja
 13100 | D:10     | Killed a white ugly thing
 13101 | D:10     | Reached skill level 5 in Fighting
 13106 | D:10     | Killed a purple ugly thing
 13823 | D:10     | Cast into level 1 of the Abyss (Sonja)
 13866 | Abyss:1  | Found a corrupted altar of Lugonu.
 13884 | Abyss:1  | Noticed a balrug
 13897 | Abyss:1  | Killed a balrug
 13898 | Abyss:1  | Reached skill level 5 in Armour
 13924 | Abyss:1  | Noticed a soul eater
 13940 | Abyss:1  | Killed a soul eater
 13959 | D:10     | Escaped the Abyss
 13965 | D:10     | Killed Sonja
 13965 | D:10     | Identified the +1 chain mail of Insurance {rN+ Str+3 Int+4}
                  | (Okawaru gifted it to you on level 10 of the Dungeon)
 13965 | D:10     | Received a gift from Okawaru
 14224 | D:11     | Noticed a boulder beetle
 14240 | D:11     | Killed a boulder beetle
 14311 | D:11     | Found a transporter.
 14318 | D:11     | Reached XP level 12. HP: 80/101 MP: 13/13
 14338 | D:11     | Noticed a hell hog
 14350 | D:11     | Found a one-way gate to the infinite horrors of the Abyss.
 14350 | D:11     | Noticed tinescath's ghost (journeyman DjWz)
 14397 | D:11     | Found a transporter.
 14457 | D:11     | Found a staircase to the Lair.
 14552 | D:11     | Found a staircase to the Orcish Mines.
 14805 | D:12     | Reached skill level 5 in Shields
 14866 | D:12     | Noticed a six-headed hydra
 14879 | D:12     | Killed a six-headed hydra
 14880 | D:12     | Reached skill level 1 in Evocations
 14972 | D:12     | Noticed an eight-headed hydra
 14978 | D:12     | Killed an eight-headed hydra
 15124 | D:12     | Noticed a two-headed ogre
 15133 | D:12     | Killed a two-headed ogre
 15668 | Lair:1   | Entered Level 1 of the Lair of Beasts
 15689 | Lair:1   | Found a stormy altar of Qazlal.
 15766 | Lair:1   | Reached skill level 10 in Fighting
 15810 | Lair:1   | Noticed a five-headed hydra
 15816 | Lair:1   | Killed a five-headed hydra
 15879 | Lair:1   | Received a gift from Okawaru
 16045 | Lair:1   | Found a gate leading to a gauntlet.
 16054 | Gauntlet | Entered a Gauntlet
 16054 | Gauntlet | Found a transporter.
 16054 | Gauntlet | Found a transporter.
 16054 | Gauntlet | Found a transporter.
 16054 | Gauntlet | Found a transporter.
 16074 | Gauntlet | Found a transporter.
 16087 | Gauntlet | Found a transporter.
 16091 | Gauntlet | Found a transporter.
 16095 | Gauntlet | Noticed a green death
 16105 | Gauntlet | Found a transporter.
 16124 | Gauntlet | Noticed a death yak
 16124 | Gauntlet | Noticed a death yak
 16125 | Gauntlet | Noticed a death yak
 16126 | Gauntlet | Found a transporter.
 16126 | Gauntlet | Noticed a death yak
 16126 | Gauntlet | Noticed a death yak
 16133 | Gauntlet | Found a transporter.
 16133 | Gauntlet | Found a transporter.
 16143 | Gauntlet | Found a transporter.
 16295 | Gauntlet | Identified the ring of the Castellan {Fly Will- Str+2 Dex+3
                  | SInv}
 16310 | Gauntlet | Reached skill level 10 in Armour
 16346 | Gauntlet | Killed a green death
 16352 | Gauntlet | Identified the +1 cloak "Hatylam" {Int+3}
 16366 | Gauntlet | Identified the +5 chain mail of Isacvir {*Slow MP+9 Str+3}
 16387 | Gauntlet | Noticed a minotaur
 16392 | Gauntlet | Killed a minotaur
 16393 | Gauntlet | Reached XP level 13. HP: 79/114 MP: 6/14
 16398 | Gauntlet | Identified the Collected Works on the Glacier
 16698 | Lair:1   | Identified 3 scrolls of acquirement
 16698 | Lair:1   | Acquired a manual of Shields
 16699 | Lair:1   | Acquired 553 gold pieces
 16700 | Lair:1   | Acquired 892 gold pieces
 16980 | Lair:2   | Acquired a manual of Armour
 17096 | Lair:2   | Received a gift from Okawaru
 17120 | Lair:2   | Acquired a manual of Evocations
 17521 | Lair:2   | Identified the Guide on Summoning and the Oath
 18161 | Lair:3   | Received a gift from Okawaru
 18231 | Lair:3   | Reached skill level 5 in Evocations
 18578 | Lair:3   | Reached XP level 14. HP: 127/127 MP: 16/16
 18678 | Lair:3   | Found a staircase to the Snake Pit.
 19080 | Lair:4   | Received a gift from Okawaru
 19084 | Lair:4   | Reached skill level 15 in Armour
 19160 | Lair:4   | Reached skill level 10 in Shields
 19580 | Lair:4   | Found a staircase to the Swamp.
 19804 | Swamp:1  | Entered Level 1 of the Swamp
 19858 | Lair:5   | Found a staircase to the Slime Pits.
 20100 | Lair:5   | Noticed Kirke
 20127 | Lair:5   | Killed Kirke
 20127 | Lair:5   | Received a gift from Okawaru
 20754 | Lair:6   | Entered Level 6 of the Lair of Beasts
 20930 | Lair:6   | Identified the +2 pair of gloves of the Bulwark {rElec
                  | rPois rC- Will+} (Okawaru gifted it to you on level 6 of
                  | the Lair of Beasts)
 20930 | Lair:6   | Received a gift from Okawaru
 21198 | Lair:6   | Reached XP level 15. HP: 138/138 MP: 17/17
 21958 | Orc:1    | Entered Level 1 of the Orcish Mines
 22274 | Orc:2    | Entered Level 2 of the Orcish Mines
 22313 | Orc:2    | Noticed Jorgrun
 22325 | Orc:2    | Killed Jorgrun
 22406 | Orc:2    | Found a staircase to the Elven Halls.
 22442 | Orc:2    | Found Qud Qada's Distillery.
 22449 | Orc:2    | Found Buzotyr's General Store.
 22457 | Orc:2    | Reached skill level 15 in Shields
 22771 | Orc:2    | Paralysed by an orc sorcerer for 3 turns
 22822 | Orc:2    | Found Ytergh's Book Emporium.
 22822 | Orc:2    | Found Exah's Antique Armour Shoppe.
 22822 | Orc:2    | Found a one-way gate leading to the halls of Pandemonium.
 22832 | Orc:2    | Received a gift from Okawaru
 22833 | Orc:2    | Reached skill level 15 in Fighting
 22881 | Orc:2    | Bought a potion of heal wounds for 55 gold pieces
 22881 | Orc:2    | Bought a potion of might for 44 gold pieces
 22881 | Orc:2    | Bought 2 potions of haste for 220 gold pieces
 22881 | Orc:2    | Bought a potion of curing for 33 gold pieces
 22881 | Orc:2    | Bought a potion of heal wounds for 55 gold pieces
 22881 | Orc:2    | Bought a potion of haste for 110 gold pieces
 22881 | Orc:2    | Bought a potion of ambrosia for 88 gold pieces
 23167 | Orc:2    | Noticed an orc warlord
 23198 | Orc:2    | Killed an orc warlord
 24058 | D:13     | Found a gate to the Vaults.
 24230 | D:13     | Noticed Frances
 24347 | D:13     | Noticed Nessos
 24362 | D:13     | Killed Nessos
 24585 | D:13     | Reached XP level 16. HP: 149/149 MP: 18/18
 24673 | D:13     | Killed Frances
 25223 | D:14     | Identified the +8 hand axe of the Desolation of Salt
                  | {vorpal, rPois Int+4} (Okawaru gifted it to you on level 14
                  | of the Dungeon)
 25223 | D:14     | Received a gift from Okawaru
 25647 | D:15     | Entered Level 15 of the Dungeon
 25683 | D:15     | Reached skill level 10 in Evocations
 25713 | D:15     | Noticed Agnes
 25734 | D:15     | Killed Agnes
 25829 | D:15     | Received a gift from Okawaru
 25833 | D:15     | Paralysed by an ogre mage for 3 turns
 26132 | D:15     | Found a staircase to the Depths.
 26326 | D:15     | Found a blossoming altar of Fedhas.
 26390 | D:15     | Found a runed translucent door.
 26392 | D:15     | Noticed Powis's ghost (adept GnIE)
 26421 | D:15     | Killed Powis's ghost
 26997 | Swamp:1  | Reached skill level 15 in Polearms
 27453 | Swamp:1  | Found a runed translucent door.
 27456 | Swamp:1  | Noticed crescentfresh's ghost (adept HuWn)
 27480 | Swamp:1  | Killed crescentfresh's ghost
 27486 | Swamp:1  | Gained mutation: Your spells are a little harder to cast,
                  | but a little more powerful. [potion of mutation]
 27486 | Swamp:1  | Gained mutation: You sometimes lose the ability to read
                  | scrolls when taking damage. [potion of mutation]
 27486 | Swamp:1  | Gained mutation: You expend magic power (3 MP) to
                  | strengthen your wands. [potion of mutation]
 27487 | Swamp:1  | Lost mutation: Your spells are a little harder to cast, but
                  | a little more powerful. [potion of mutation]
 27487 | Swamp:1  | Lost mutation: You sometimes lose the ability to read
                  | scrolls when taking damage. [potion of mutation]
 27487 | Swamp:1  | Lost mutation: You expend magic power (3 MP) to strengthen
                  | your wands. [potion of mutation]
 27487 | Swamp:1  | Gained mutation: You evolve. [potion of mutation]
 27487 | Swamp:1  | Gained mutation: You are strong-willed. (Will+) [potion of
                  | mutation]
 27487 | Swamp:1  | Gained mutation: Your muscles are strong. (Str +2) [potion
                  | of mutation]
 27533 | Swamp:1  | Gained mutation: Your muscles are very strong. (Str +4)
                  | [evolution]
 27699 | Swamp:2  | Upgraded the game from 0.27-a0-920-gb2bd10914a to
                  | 0.27-a0-931-g5a74e75d8f
 27831 | Swamp:2  | Received a gift from Okawaru
 27832 | Swamp:2  | Reached XP level 17. HP: 159/159 MP: 19/19
 28635 | Swamp:4  | Entered Level 4 of the Swamp
 28793 | Swamp:4  | Noticed Donald
 29296 | Swamp:4  | Killed Donald
 29350 | Swamp:4  | Received a gift from Okawaru
 29467 | Swamp:4  | Noticed the 27-headed Lernaean hydra
 29477 | Swamp:4  | Killed the 27-headed Lernaean hydra
 29483 | Swamp:4  | Got a decaying rune of Zot
 29915 | Snake:1  | Entered Level 1 of the Snake Pit
 30314 | Snake:1  | Found Susomei's Magic Scroll Emporium.
 30320 | Snake:1  | Bought a scroll of identify for 28 gold pieces
 30320 | Snake:1  | Found Yfuhem's Armour Shoppe.
 30456 | Snake:1  | Reached XP level 18. HP: 170/170 MP: 20/20
 30462 | Snake:1  | Identified the +7 chain mail of Resonance {Regen+ Str+2
                  | Dex-5}
 30875 | Snake:2  | Identified the +5 quarterstaff of Neokh {freeze, Dex+3}
                  | (Okawaru gifted it to you on level 2 of the Snake Pit)
 30875 | Snake:2  | Received a gift from Okawaru
 30882 | Snake:2  | Reached XP level 19. HP: 177/177 MP: 21/21
 31900 | Snake:3  | Noticed Aizul
 31920 | Snake:3  | Killed Aizul
 31975 | Snake:3  | Identified Roxanne's Tome of Clay
 31975 | Snake:3  | Noticed Roxanne
 32060 | Snake:3  | Killed Roxanne
 32237 | Snake:3  | Identified the +2 glaive "Poor" {elec, *Corrode rPois rN+}
                  | (Okawaru gifted it to you on level 3 of the Snake Pit)
 32237 | Snake:3  | Received a gift from Okawaru
 32539 | Snake:3  | Noticed Azrael
 32552 | Snake:3  | Killed Azrael
 32845 | Snake:4  | Entered Level 4 of the Snake Pit
 33028 | Snake:4  | Received a gift from Okawaru
 33454 | Snake:4  | Noticed Vashnia
 33483 | Snake:4  | Killed Vashnia
 33666 | Snake:4  | Received a gift from Okawaru
 33855 | Snake:4  | Got a serpentine rune of Zot
 34370 | Depths:1 | Entered Level 1 of the Depths
 34400 | Depths:1 | Reached XP level 20. HP: 189/189 MP: 22/22
 34654 | Depths:1 | Found a gateway to Hell.
 34744 | Depths:1 | Found a gateway to a ziggurat.
 34749 | Depths:1 | Received a gift from Okawaru
 34912 | Depths:1 | Found a stormy altar of Qazlal.
 34915 | Depths:1 | Identified the Papyrus of Quantum Bewitchment
 35484 | Hell     | Entered the Vestibule of Hell
 35484 | Hell     | Noticed Geryon
 35502 | Depths:2 | Found Ryoquq's Antique Weapon Boutique.
 35679 | Depths:2 | Found Miafisat's General Store.
 35689 | Depths:2 | Bought a scroll of enchant armour for 97 gold pieces
 36068 | Depths:2 | Paralysed by a great orb of eyes for 7 turns
 36259 | Depths:2 | Acquired the +0 hat of Watchfulness {Drain Will+ Dex+6}
 36305 | Depths:2 | Identified the +1 robe of Altruism {Int+3}
 36675 | Depths:2 | Identified the +0 kite shield of Icaufi {Dex+4} (Okawaru
                  | gifted it to you on level 2 of the Depths)
 36675 | Depths:2 | Received a gift from Okawaru
 37101 | Depths:3 | You are sucked into a shaft and drop 1 floor!
 37212 | Depths:4 | Found Zosiyk's Antique Weapon Shop.
 37215 | Depths:4 | Found Zegeaq's Antique Weapon Shop.
 37217 | Depths:4 | Found Quinu Lapi's Distillery.
 37368 | Depths:4 | Reached XP level 21. HP: 199/199 MP: 15/23
 37419 | Depths:4 | Found the +8 Wrath of Trog {antimagic, *Rage}
 37525 | Depths:4 | Found Nuenotost's Armour Shoppe.
 37774 | Depths:4 | Identified the +1 cloak of Ohosaur {Drain rElec rPois
                  | Regen+}
 37838 | Depths:4 | Identified the ring "Paguack" {AC+4 Str+8 Stlth+}
 37869 | Depths:4 | Identified the +7 chain mail of the Archfiend {+Blink rCorr
                  | Str-4 Dex+3}
 37900 | Depths:4 | Noticed an ancient lich
 37924 | Depths:4 | Killed an ancient lich
 37927 | Depths:4 | Received a gift from Okawaru
 37941 | Depths:4 | Identified the +0 leather armour of the Red Skies {rN+}
 37944 | Depths:4 | Identified the +11 morningstar of Utsick {venom, Dex+5}
 37953 | Depths:5 | Entered Level 5 of the Depths
 38244 | Depths:5 | Found Laebb's Jewellery Shop.
 38245 | Depths:5 | Found Xupuuhox's Book Emporium.
 38246 | Depths:5 | Found Soxiffe's Jewellery Shop.
 38274 | Depths:5 | Bought the ring of Higipun {rN++ EV+4} for 963 gold pieces
 38278 | Depths:5 | Bought the ring "Wuhexyw" {rN+ Str+5} for 600 gold pieces
 38371 | Depths:5 | Found a gate to the Realm of Zot.
 38614 | Depths:5 | Noticed Saint Roka
 38643 | Depths:5 | Killed Saint Roka
 38643 | Depths:5 | Received a gift from Okawaru
 39709 | Depths:3 | Identified the +12 demon trident "Widowermaker" {vamp,
                  | *Rage rC+ Dex+4} (Okawaru gifted it to you on level 3 of
                  | the Depths)
 39709 | Depths:3 | Received a gift from Okawaru
 39849 | Depths:3 | Paralysed by a floating eye for 4 turns
 39919 | Depths:3 | Reached XP level 22. HP: 209/209 MP: 24/24
 40060 | Depths:3 | Identified the +3 spear of the Wary Knaves {venom, Int+7}
                  | (Okawaru gifted it to you on level 3 of the Depths)
 40060 | Depths:3 | Received a gift from Okawaru
 40269 | Depths:3 | Noticed a juggernaut
 40278 | Depths:3 | Killed a juggernaut
 40321 | Depths:3 | Noticed a caustic shrike
 40332 | Depths:3 | Killed a caustic shrike
 40344 | Depths:3 | Identified the +1 leather armour of Lauka {rN+}
 40399 | Depths:3 | Identified the +3 short sword of Nyomar {drain, Will+}
                  | (Okawaru gifted it to you on level 3 of the Depths)
 40399 | Depths:3 | Received a gift from Okawaru
 40419 | Depths:3 | Noticed a caustic shrike
 40435 | Depths:3 | Killed a caustic shrike
 40648 | Depths:3 | Paralysed by a floating eye for 3 turns
 40668 | Depths:3 | Identified the +9 shortbow "Ykech" {freeze, Fly}
 41056 | Elf:1    | Entered Level 1 of the Elven Halls
 41120 | Elf:1    | Noticed Louise
 41160 | Elf:1    | Killed Louise
 41253 | Elf:1    | Identified Qitiat's Almanac of Unholy Rites
 42102 | Elf:2    | Identified the +2 pair of boots "Ren Qoi" {Rampage rF++}
                  | (Okawaru gifted it to you on level 2 of the Elven Halls)
 42102 | Elf:2    | Received a gift from Okawaru
 42505 | Elf:2    | Found a huge runed translucent gate.
 42505 | Elf:2    | Found a huge runed translucent gate.
 42505 | Elf:2    | Found a huge runed translucent gate.
 42505 | Elf:2    | Found a huge runed translucent gate.
 42505 | Elf:2    | Found a huge runed translucent gate.
 43134 | Elf:3    | Entered Level 3 of the Elven Halls
 43141 | Elf:3    | Reached XP level 23. HP: 220/220 MP: 25/25
 43452 | Elf:3    | Found Meul's Elven Fire.
 43510 | Elf:3    | Received a gift from Okawaru
 43561 | Elf:3    | Reached skill level 5 in Dodging
 43562 | Elf:3    | Identified the ring "Loitus" {rElec Will+ Int+2 Slay+5}
 44023 | Elf:3    | Received a gift from Okawaru
 44033 | Elf:3    | Identified the +2 short sword of Qekk {vorpal, +Rage rN+++
                  | Int-5 Stlth-}
 44040 | Elf:3    | Identified the +0 cloak "Curig" {rF+}
 44045 | Elf:3    | Identified the +11 shortbow of Dithmenos's Hatred {flame,
                  | Dex+2}
 44049 | Elf:3    | Identified the ring of Raopnatt {rN+ Will+ MP+9 Str+6
                  | Int+3}
 44059 | Elf:3    | Identified the ring "Himuki" {Fire Fly Int+2}
 44060 | Elf:3    | Identified the +2 flail of Exceptional Conscience {elec,
                  | rElec rC+ rN+ Will-}
 44064 | Elf:3    | Identified the +9 hand crossbow of Fedhas's Generosity
                  | {flame, rC++ Will-}
 44374 | Orc:1    | Gained mutation: You are resistant to electric shocks.
                  | (rElec) [evolution]
 44452 | Vaults:1 | Entered Level 1 of the Vaults
 46645 | Vaults:2 | Received a gift from Okawaru
 46748 | Vaults:2 | Reached XP level 24. HP: 231/231 MP: 25/25
 46827 | Vaults:2 | Found a staircase to the Crypt.
 46831 | Vaults:2 | Identified the +3 ring mail of Hedging {Will+++}
 47619 | Vaults:3 | Received a gift from Okawaru
 47775 | Vaults:3 | Noticed Mennas
 47798 | Vaults:3 | Killed Mennas
 48063 | Vaults:3 | Found Veaxap's Assorted Antiques.
 48441 | Vaults:3 | Noticed Mara
 48453 | Vaults:3 | Killed Mara
 48757 | Vaults:3 | Found Cutusock's Antique Armour Boutique.
 48883 | Vaults:3 | Received a gift from Okawaru
 50005 | Vaults:4 | Reached XP level 25. HP: 240/240 MP: 25/25
 50113 | Vaults:4 | Reached skill level 10 in Dodging
 50270 | Vaults:4 | Identified the +8 hunting sling of Axki {freeze, Str+4
                  | Dex+3}
 50406 | Vaults:4 | Identified the +2 pair of gloves of the Louse {rPois}
 50527 | Vaults:5 | Entered Level 5 of the Vaults
 50667 | Vaults:5 | Received a gift from Okawaru
 50781 | Vaults:5 | Identified the +8 flail "Esa Ruacw" {vorpal, Fly Str+4}
 50907 | Vaults:5 | Received a gift from Okawaru
 50954 | Vaults:5 | Received a gift from Okawaru
 51046 | Vaults:5 | Found Peumutzu's Distillery.
 51103 | Vaults:5 | Identified the ring of Todeisy {*Corrode rElec rPois Int+5}
 51148 | Vaults:5 | Found Lomaun Raed's Distillery.
 51152 | Vaults:5 | Bought a potion of experience for 800 gold pieces
 51154 | Vaults:5 | Reached XP level 26. HP: 251/251 MP: 25/25
 51265 | Vaults:5 | Got a silver rune of Zot
 51287 | Vaults:5 | Found Yrriph's Distillery.
 51348 | Vaults:5 | Found the +27 Lear's hauberk
 51496 | Vaults:5 | Identified Wutid's Compendium of Cloudy Malediction
 51612 | Vaults:5 | Reached XP level 27. HP: 251/259 MP: 25/25
 51637 | Vaults:5 | Identified Uzeophafiack's Almanac of Cloudy Dark Rituals
 51787 | Vaults:5 | Identified Uwidotyck's Grimoire of Curses
 52050 | Vaults:5 | Found the +0 mask of the Dragon {Will+ Slay+3 SInv}
 52230 | Vaults:5 | Reached skill level 27 in Polearms
 53102 | Slime:1  | Entered Level 1 of the Pits of Slime
 53420 | Slime:2  | Gained mutation: Potions are less effective at restoring
                  | your health. [a shining eye]
 53421 | Slime:2  | Gained mutation: You are clumsy. (Dex -2) [a shining eye]
 53458 | Slime:2  | Received a gift from Okawaru
 54008 | Slime:3  | Identified the +0 pair of boots of Valour {rN+ Will+ SInv
                  | Stlth-} (Okawaru gifted it to you on level 3 of the Pits of
                  | Slime)
 54008 | Slime:3  | Received a gift from Okawaru
 54428 | Slime:5  | Entered Level 5 of the Pits of Slime
 54440 | Slime:5  | Gained mutation: You have an increased reservoir of magic.
                  | (+10% MP) [a shining eye]
 54467 | Slime:5  | Noticed the Royal Jelly
 54518 | Slime:5  | Lost mutation: You have an increased reservoir of magic.
                  | (+10% MP) [a shining eye]
 54520 | Slime:4  | Gained mutation: You tend to lose your temper in combat. [a
                  | shining eye]
 54883 | Slime:4  | Gained mutation: You are partially covered in iridescent
                  | scales. (AC +2) [evolution]
 54908 | Slime:5  | Gained mutation: You are very clumsy. (Dex -4) [a shining
                  | eye]
 54973 | Slime:5  | Gained mutation: Your magical capacity is low. (-10% MP) [a
                  | shining eye]
 55205 | Slime:5  | Killed the Royal Jelly
 55247 | Slime:4  | Gained mutation: You are frail. (-10% HP) [a shining eye]
 55248 | Slime:4  | Gained mutation: Your flesh is heat resistant. (rF+) [a
                  | shining eye]
 55250 | Slime:4  | Gained mutation: Your magical capacity is very low. (-20%
                  | MP) [a shining eye]
 55331 | Slime:5  | Lost mutation: You are partially covered in iridescent
                  | scales. (AC +2) [potion of mutation]
 55331 | Slime:5  | Lost mutation: You are very clumsy. (Dex -4) [potion of
                  | mutation]
 55331 | Slime:5  | Lost mutation: Your muscles are very strong. (Str +4)
                  | [potion of mutation]
 55331 | Slime:5  | Lost mutation: You are resistant to electric shocks.
                  | (rElec) [potion of mutation]
 55331 | Slime:5  | Lost mutation: You are clumsy. (Dex -2) [potion of
                  | mutation]
 55331 | Slime:5  | Gained mutation: You are partially covered in large bone
                  | plates. (SH +4) [potion of mutation]
 55331 | Slime:5  | Gained mutation: You are highly strong-willed. (Will++)
                  | [potion of mutation]
 55332 | Slime:5  | Lost mutation: You are highly strong-willed. (Will++)
                  | [potion of mutation]
 55332 | Slime:5  | Lost mutation: Your magical capacity is very low. (-20% MP)
                  | [potion of mutation]
 55332 | Slime:5  | Gained mutation: You have large cloven feet. [potion of
                  | mutation]
 55332 | Slime:5  | Gained mutation: You do not regenerate when monsters are
                  | visible. [potion of mutation]
 55332 | Slime:5  | Gained mutation: You are agile. (Dex +2) [potion of
                  | mutation]
 55333 | Slime:5  | Lost mutation: You are frail. (-10% HP) [potion of
                  | mutation]
 55333 | Slime:5  | Lost mutation: You are partially covered in large bone
                  | plates. (SH +4) [potion of mutation]
 55333 | Slime:5  | Gained mutation: You rapidly evolve. [potion of mutation]
 55357 | Slime:5  | Found the amulet of the Four Winds {rN+ Will+++ Clar}
 55365 | Slime:5  | Identified the +8 dagger of Foolhardiness {flame, *Rage
                  | +Rage rElec Will+++}
 55403 | Slime:5  | Identified Apaveno's Compendium of the Snowflakes and
                  | Darkness
 55423 | Slime:5  | Identified the +10 halberd of Vidac {holy, Drain rN+ Str+4
                  | Int+9}
 55513 | Slime:5  | Got a slimy rune of Zot
 55952 | Slime:4  | Gained mutation: Your magical capacity is very low. (-20%
                  | MP) [a shining eye]
 55954 | Slime:4  | Gained mutation: Armour fits poorly on your strangely
                  | shaped body. [a shining eye]
 55971 | Slime:4  | Gained mutation: Your spells are a little easier to cast,
                  | but a little less powerful. [a shining eye]
 55973 | Slime:4  | Gained mutation: You often lose your temper in combat. [a
                  | shining eye]
 55999 | Slime:4  | Lost mutation: Your magical capacity is very low. (-20% MP)
                  | [potion of mutation]
 55999 | Slime:4  | Lost mutation: Your flesh is heat resistant. (rF+) [potion
                  | of mutation]
 55999 | Slime:4  | Lost mutation: You are agile. (Dex +2) [potion of mutation]
 55999 | Slime:4  | Gained mutation: You passively map a small area around you.
                  | [potion of mutation]
 56181 | Slime:4  | Lost mutation: Potions are less effective at restoring your
                  | health. [potion of mutation]
 56181 | Slime:4  | Lost mutation: Your magical capacity is low. (-10% MP)
                  | [potion of mutation]
 56181 | Slime:4  | Lost mutation: You have large cloven feet. [potion of
                  | mutation]
 56181 | Slime:4  | Lost mutation: Armour fits poorly on your strangely shaped
                  | body. [potion of mutation]
 56181 | Slime:4  | Gained mutation: You are partially covered in iridescent
                  | scales. (AC +2) [potion of mutation]
 56649 | Crypt:1  | Entered Level 1 of the Crypt
 56774 | Crypt:1  | Reached skill level 27 in Shields
 56792 | Crypt:1  | Received a gift from Okawaru
 57995 | Crypt:2  | Found a magical portal.
 58000 | WizLab   | Entered Wucad Mu's Monastery
 58185 | WizLab   | Found the +9 staff of Wucad Mu {*channel}
 58219 | WizLab   | Reached skill level 15 in Dodging
 58698 | Crypt:2  | Found the +3 warlock's mirror {reflect}
 58718 | Crypt:2  | Received a gift from Okawaru
 59042 | Crypt:3  | Entered Level 3 of the Crypt
 59042 | Crypt:3  | Noticed Frederick
 59056 | Crypt:3  | Killed Frederick
 59159 | Crypt:3  | Found the +3 giant club "Skullcrusher" {speed, Str+7}
 59164 | Crypt:3  | Noticed an ancient lich
 59194 | Crypt:3  | Killed an ancient lich
 59238 | Crypt:3  | Received a gift from Okawaru
 59519 | Crypt:3  | Found a staircase to the Tomb.
 59578 | Crypt:3  | Noticed Jory
 59597 | Crypt:3  | Killed Jory
 59828 | Crypt:3  | Found a runed translucent gate.
 59829 | Crypt:3  | Found a runed translucent gate.
 59829 | Crypt:3  | Found a runed translucent gate.
 59829 | Crypt:3  | Identified the +1 robe of Perfidy {Str+5}
 59830 | Crypt:3  | Noticed Litabreata's ghost (veteran FoFi)
 59833 | Crypt:3  | Found an iron altar of Okawaru.
 59859 | Crypt:3  | Killed Litabreata's ghost
 59870 | Crypt:3  | Identified the +1 ring mail of Vexation {+Blink} (Okawaru
                  | gifted it to you on level 3 of the Crypt)
 59870 | Crypt:3  | Received a gift from Okawaru
 60039 | Crypt:3  | Found a basalt altar of Yredelemnul.
 60093 | Crypt:3  | Reached skill level 27 in Fighting
 60207 | Crypt:3  | Noticed an ancient lich
 60241 | Crypt:3  | Killed an ancient lich
 60254 | Crypt:3  | Identified the +5 glaive "Dragonbane" {drain, Will+ SInv}
 61065 | Hell     | Killed Geryon
 61185 | Hell     | Received a gift from Okawaru
 61236 | Hell     | Found a gateway to the ashen valley of Gehenna.
 61310 | Hell     | Found a gateway to the freezing wastes of Cocytus.
 61528 | Hell     | Gained mutation: You are agile. (Dex +2) [evolution]
 61606 | Hell     | Found a gateway to the Iron City of Dis.
 61777 | Hell     | Found a gateway to the decaying netherworld of Tartarus.
 61929 | Geh:1    | Entered Level 1 of Gehenna
 62349 | D:6      | Fell from the grace of Okawaru
 62349 | D:6      | Became a worshipper of the Shining One
 62631 | Geh:1    | Reached * piety under the Shining One
 62700 | Geh:1    | Reached ** piety under the Shining One
 62897 | Geh:1    | Reached *** piety under the Shining One
 62936 | Geh:1    | Reached **** piety under the Shining One
 62997 | Geh:1    | Reached skill level 5 in Invocations
 63150 | Geh:1    | Reached ***** piety under the Shining One
 63648 | Geh:1    | Reached ****** piety under the Shining One
 63708 | Hell     | Identified a +4 trishula of holy wrath (a +2 demon trident
                  | of flaming blessed by the Shining One)
 63708 | Hell     | Received a gift from the Shining One
 66433 | Geh:4    | Reached skill level 10 in Invocations
 66995 | Geh:4    | Lost mutation: You do not regenerate when monsters are
                  | visible. [potion of mutation]
 66995 | Geh:4    | Lost mutation: You rapidly evolve. [potion of mutation]
 66995 | Geh:4    | Lost mutation: Your muscles are strong. (Str +2) [potion of
                  | mutation]
 66995 | Geh:4    | Lost mutation: You often lose your temper in combat.
                  | [potion of mutation]
 66995 | Geh:4    | Gained mutation: Your mind is acute. (Int +2) [potion of
                  | mutation]
 66995 | Geh:4    | Gained mutation: You have a beak for a mouth. [potion of
                  | mutation]
 67024 | Geh:4    | Upgraded the game from 0.27-a0-931-g5a74e75d8f to
                  | 0.27-a0-951-gae3e1deef5
 67360 | Geh:5    | Reached skill level 27 in Armour
 68866 | Geh:7    | Entered Level 7 of Gehenna
 69673 | Geh:7    | Identified the +0 ring mail of Bogeps {rPois}
 69774 | Geh:7    | Lost mutation: You are agile. (Dex +2) [evolution]
 69774 | Geh:7    | Lost mutation: You evolve. [end of evolution]
 69865 | Geh:7    | Identified the Almanac of Captivating Ice
 69933 | Geh:7    | Found the +7 sceptre of Asmodeus
 69933 | Geh:7    | Noticed Asmodeus
 69947 | Geh:7    | Killed Asmodeus
 69959 | Geh:7    | Got an obsidian rune of Zot
 70416 | Dis:1    | Entered Level 1 of the Iron City of Dis
 71662 | Dis:2    | Was forgiven by Okawaru
 74936 | Dis:6    | Reached skill level 27 in Dodging
 74946 | Dis:6    | Reached skill level 1 in Translocations
 75382 | Dis:6    | Learned a level 2 spell: Blink
 75427 | Dis:7    | Entered Level 7 of the Iron City of Dis
 75513 | Dis:7    | Reached skill level 5 in Translocations
 75565 | Dis:7    | Reached skill level 1 in Spellcasting
 76316 | Dis:7    | Reached skill level 10 in Translocations
 76436 | Dis:7    | Learned a level 5 spell: Manifold Assault
 76873 | Dis:7    | Found the +4 staff of Dispater
 76873 | Dis:7    | Noticed Dispater
 76899 | Dis:7    | Killed Dispater
 76921 | Dis:7    | Got an iron rune of Zot
 76923 | Dis:7    | Identified the +2 rapier "Orb Guardian's Bane" {flame,
                  | +Blink}
 77479 | Dis:7    | Reached skill level 5 in Spellcasting
 77606 | Depths:1 | Voluntarily entered the Abyss.
 78012 | Abyss:2  | Identified the +3 leather armour of Prudence {rPois Regen+}
 78269 | Abyss:3  | Found a shimmering blue altar of Sif Muna.
 78290 | Abyss:3  | Identified the +4 war axe "Ylekuiw" {vorpal, rN+ Int-3
                  | Dex+3 Stlth+}
 78350 | Abyss:4  | Found a corrupted altar of Lugonu.
 78432 | Abyss:5  | Entered Level 5 of the Abyss
 78443 | Abyss:5  | Identified the +7 bardiche "Boesh" {chaos, +Rage rN+++
                  | Str+5 Int-5}
 78574 | Abyss:5  | Gained mutation: You are frail. (-10% HP) [a neqoxec]
 78897 | Abyss:5  | Got an abyssal rune of Zot
 78898 | Abyss:5  | Gained mutation: Armour fits poorly on your strangely
                  | shaped body. [a neqoxec]
 78943 | Depths:1 | Escaped the Abyss
 78945 | Depths:1 | Lost mutation: Armour fits poorly on your strangely shaped
                  | body. [potion of mutation]
 78945 | Depths:1 | Lost mutation: You tend to lose your temper in combat.
                  | [potion of mutation]
 78945 | Depths:1 | Gained mutation: Your mind is very acute. (Int +4) [potion
                  | of mutation]
 78946 | Depths:1 | Lost mutation: You passively map a small area around you.
                  | [potion of mutation]
 78946 | Depths:1 | Lost mutation: Your spells are a little easier to cast, but
                  | a little less powerful. [potion of mutation]
 78946 | Depths:1 | Gained mutation: Your magical capacity is low. (-10% MP)
                  | [potion of mutation]
 78946 | Depths:1 | Gained mutation: You are agile. (Dex +2) [potion of
                  | mutation]
 78946 | Depths:1 | Gained mutation: You are highly strong-willed. (Will++)
                  | [potion of mutation]
 79252 | Depths:4 | Bought a potion of heal wounds for 80 gold pieces
 79252 | Depths:4 | Bought a potion of cancellation for 128 gold pieces
 79252 | Depths:4 | Bought a potion of curing for 48 gold pieces
 79252 | Depths:4 | Bought a potion of curing for 48 gold pieces
 79252 | Depths:4 | Bought a potion of curing for 48 gold pieces
 79428 | Pan      | Entered Pandemonium
 79443 | Pan      | Found an exit through the horrors of the Abyss.
 79465 | Pan      | Gained mutation: You tend to lose your temper in combat. [a
                  | cacodemon]
 79635 | Pan      | Noticed Ime Isaa the pandemonium lord
 79647 | Pan      | Killed Ime Isaa the pandemonium lord
 79906 | Pan      | Gained mutation: You do not regenerate when monsters are
                  | visible. [a neqoxec]
 80018 | Pan      | Identified the Collected Works on Cold
 80252 | Pan      | Entered the realm of Mnoleg.
 80414 | Pan      | Gained mutation: You are weak. (Str -2) [a cacodemon]
 80417 | Pan      | Gained mutation: Your magical capacity is very low. (-20%
                  | MP) [a cacodemon]
 80481 | Pan      | Gained mutation: Armour fits poorly on your strangely
                  | shaped body. [a neqoxec]
 80495 | Pan      | Gained mutation: You are very weak. (Str -4) [a neqoxec]
 80522 | Pan      | Lost mutation: Your mind is very acute. (Int +4) [a
                  | neqoxec]
 80545 | Pan      | Noticed Mnoleg
 80561 | Pan      | Killed Mnoleg
 80564 | Pan      | Gained mutation: You sometimes lose the ability to read
                  | scrolls when taking damage. [a cacodemon]
 80578 | Pan      | Reached skill level 15 in Translocations
 80744 | Pan      | Got a glowing rune of Zot
 80818 | Pan      | Gained mutation: Your spells are a little easier to cast,
                  | but a little less powerful. [a neqoxec]
 81541 | Pan      | Noticed Zaprixan the pandemonium lord
 81558 | Pan      | Paralysed by you for 5 turns
 81566 | Pan      | Killed Zaprixan the pandemonium lord
 81657 | Pan      | Gained mutation: You are very frail. (-20% HP) [a neqoxec]
 81877 | Pan      | Gained mutation: You often lose your temper in combat. [a
                  | cacodemon]
 82756 | Pan      | Noticed Qaxzab the pandemonium lord
 82757 | Pan      | Gained mutation: You are extremely frail. (-30% HP) [a
                  | cacodemon]
 82762 | Pan      | Killed Qaxzab the pandemonium lord
 82804 | Pan      | Got a demonic rune of Zot
 82951 | Pan      | Reached skill level 10 in Spellcasting
 83371 | Pan      | Found a transporter.
 83773 | Pan      | Found a transporter.
 84087 | Pan      | Identified the ring "Fumahog" {EV+4 Dex+3}
 84097 | Pan      | Identified the ring of Vehumet's Condemnation {Wiz rC+}
 84120 | Pan      | Identified the +5 rapier "Widowermaker" {flame, rC+ Str+4
                  | Dex-3 Stlth+}
 84125 | Pan      | Lost mutation: You are highly strong-willed. (Will++)
                  | [potion of mutation]
 84125 | Pan      | Lost mutation: You are partially covered in iridescent
                  | scales. (AC +2) [potion of mutation]
 84125 | Pan      | Lost mutation: You are extremely frail. (-30% HP) [potion
                  | of mutation]
 84125 | Pan      | Lost mutation: You are very weak. (Str -4) [potion of
                  | mutation]
 84385 | Pan      | Noticed Nasat the pandemonium lord
 84388 | Pan      | Killed Nasat the pandemonium lord
 84572 | Pan      | Found an exit through the horrors of the Abyss.
 84750 | Pan      | Learned a level 4 spell: Passage of Golubria
 85113 | Pan      | Learned a level 6 spell: Dispersal
 85117 | Pan      | Learned a level 3 spell: Teleport Other
 85121 | Pan      | Learned a level 3 spell: Lesser Beckoning
 85125 | Pan      | Learned a level 3 spell: Gell's Gravitas
 85127 | Pan      | Learned a level 1 spell: Apportation
 85136 | Pan      | Learned a level 8 spell: Disjunction
 85418 | Pan      | Entered the realm of Cerebov.
 85418 | Pan      | Found the +6 sword of Cerebov {flame}
 85418 | Pan      | Noticed Cerebov
 85449 | Pan      | Killed Cerebov
 85680 | Pan      | Identified the +1 broad axe of Qotolial {speed, Dex+3}
 85682 | Pan      | Identified the ring of Capnuq {Fire rElec}
 85736 | Pan      | Identified the amulet of Ecisucw {Acrobat Str+3}
 85737 | Pan      | Identified the +1 great sword of Duty {vorpal, +Rage rF+
                  | Will- Str+7}
 85816 | Pan      | Identified the ring "Zoepn" {Fly Int+3}
 85874 | Pan      | Identified the +0 scale mail of the Fiend {rPois Int+2
                  | Dex+2}
 85925 | Pan      | Got a fiery rune of Zot
 86376 | Pan      | Identified the +5 long sword of Breach {freeze, rN+}
 86531 | Pan      | Entered the realm of Gloorx Vloq.
 86540 | Pan      | Found an exit through the horrors of the Abyss.
 86734 | Pan      | Noticed Gloorx Vloq
 86746 | Pan      | Killed Gloorx Vloq
 86776 | Pan      | Got a dark rune of Zot
 87808 | Pan      | Entered the realm of Lom Lobon.
 88067 | Pan      | Noticed Lom Lobon
 88154 | Pan      | Acquired the +1 pair of gloves of Pandemonium {Rampage
                  | Str+4 Int+4}
 88769 | Pan      | Killed Lom Lobon
 88791 | Pan      | Got a magical rune of Zot
 89005 | Pan      | Upgraded the game from 0.27-a0-951-gae3e1deef5 to
                  | 0.27-a0-965-gbf8bb431c4
 89064 | Pan      | Noticed Fog Cenn the pandemonium lord
 89067 | Pan      | Killed Fog Cenn the pandemonium lord
 89607 | Pan      | Found an exit through the horrors of the Abyss.
 89910 | Pan      | Noticed Mankyst the pandemonium lord
 89919 | Pan      | Killed Mankyst the pandemonium lord
 90021 | Pan      | Noticed Ignacio
 90028 | Pan      | Killed Ignacio
 90410 | Pan      | Found an exit through the horrors of the Abyss.
 90777 | Pan      | Noticed Pieb the pandemonium lord
 90786 | Pan      | Killed Pieb the pandemonium lord
 91297 | Pan      | Noticed Toistrinn the pandemonium lord
 91314 | Pan      | Killed Toistrinn the pandemonium lord
 91322 | Pan      | Killed from afar by a Hell Sentinel

Illustrated notes

Levels and vault maps discovered:
D:1:      nzn_arrival_settlement, layout_loops_ring
D:2:      layout_basic, minmay_statues_item, hangedman_decor_growths,
          uniq_crazy_yiuf_cottage
D:3:      layout_basic, amcnicky_altar_gilded, overflow_temple_1_default,
          lemuel_coloured_pillars_altar, nicolae_dithmenos_the_darkroom,
          shapermc_ecumenical_altar_starsandcircs, serial_shops,
          nicolae_shop_crystal, portal_sewer_entry_f,
          kennysheep_decorative_pillar, amcnicky_mini_pool_small,
          minmay_misc_feat_x
D:4:      layout_basic, lemuel_doored_altar, okawaru_ov_weapons_minmay,
          jmf_multi_god_temple, minmay_temple_entry_stoned_glass, uniq_edmund,
          uniq_blork_the_orc, uniq_duvessa
D:5:      black_bear_nest_2, layout_layer_cave,
          nemelex_xobeh_ov_fountains_minmay, serial_shops,
          kennysheep_little_box, serial_bayou_lagoon_b
D:6:      layout_basic, tso_oasis_becter, st_stairs_6, minmay_quadrilaterals,
          uniq_maggie
D:7:      layout_basic
D:8:      layout_rooms, nicolae_gozag_cash_rules_everything_around_me,
          serial_shops, shop_statue, nicolae_ossuary_entry_monument
D:9:      layout_roguey, general_overflow_altar, minitemple, hangedman_ranch
          [blue_anna_fruit_fields], uniq_pikel
D:10:     layout_long_grid, serial_bayou_pond_d, fountainhead,
          dk_noncrumbling_4, uniq_nergalle, uniq_sonja
D:11:     layout_basic, due_lair_maze_entry_diamond, orc_0_dummy, serial_curves,
          eino_curves_03, eino_curves_04, gammafunk_ghost_abyssal_escape
D:12:     minmay_separated_statues, layout_basic, kennysheep_generic_room_10
D:13:     layout_stronghold, erik_vaults_2, uniq_nessos, uniq_frances
D:14:     layout_basic, billiards_dpeg
D:15:     grunt_enter_depths_giant_problem, layout_cave_pods, fedhas_altar_4,
          ebering_ghost_reflecting_pool, chequers_jeans, uniq_agnes
Temple:   corrupted_temple
Lair:1:   layout_regular_city, gauntlet_entry_generic, basic_altar,
          disabler_island
Lair:2:   lemuel_reptile_caves, layout_long_grid, nzn_random_ring,
          lemuel_fruit_tree, serial_bayou_shore_b
Lair:3:   layout_gridlike, guppyfry_snake_entry_garden,
          infiniplex_staircase_pool, grunt_megastairs_5
Lair:4:   layout_roguey, swamp_mist
Lair:5:   layout_regular_city, minmay_slime_entry_oklob_open, uniq_kirke
Lair:6:   minmay_lair_end_frog_pond, layout_loops_ring, st_stairs_5
Swamp:1:  layout_basic_swamp, gammafunk_ghost_grave,
          evilmike_swamp_ruin_house_4, swamp_pool3
Swamp:2:  layout_basic_swamp, nicolae_swamp_oxbows
Swamp:3:  layout_basic_swamp, evilmike_swamp_ruin_rubble_1, swamp_pool3
Swamp:4:  grunt_swamp_rune_castle, layout_basic_swamp,
          nicolae_swamp_fairy_circle, uniq_donald
Snake:1:  layout_onion, grunt_ministairs_8, minmay_shoptagon
Snake:2:  layout_misc_corridors, special_room, serial_bayou_shore_a,
          serial_bayou_shore_b
Snake:3:  layout_misc_corridors, grunt_ministairs_6, uniq_roxanne, uniq_azrael,
          uniq_aizul
Snake:4:  snake_pit, layout_grid_shapes, grunt_ministairs_9, uniq_vashnia
Slime:1:  layout_caves
Slime:2:  layout_caves, nicolae_slime_round_cave
Slime:3:  layout_caves
Slime:4:  layout_caves
Slime:5
Orc:1:    layout_diamond_mine, basic_altar
Orc:2:    pf_orc_diabolical, layout_caves, nicolae_orc_lava_tube, uniq_jorgrun
Elf:1:    eino_elf_arrival_shootout, layout_loops_cross, minmay_elf_necromancy,
          serial_sigils_hangedman_confine, uniq_louise
Elf:2:    layout_gridlike, elves_outpost_lemuel
Elf:3:    minmay_elf_hall_statues, layout_rooms, hex_medium, guppyfry_elf_lava
Vaults:1: hangedman_vaults_nodes, v_misc_25, vaults_mumra_lcd, v_alt_pattern_2,
          ontoclasm_vaults_ligature, nicolae_vaults_mini_display_case,
          layout_vaults_omnigrid
Vaults:2: ontoclasm_vaults_shuriken, hangedman_vaults_slither,
          nicolae_vaults_gold_heap, hangedman_vaults_variations,
          ontoclasm_vaults_decontamination, v_misc_24,
          nicolae_vaults_what_the_h, nicolae_vaults_ring_of_whatevers,
          minmay_crypt_entry_simple_sparse, vaults_room_grid,
          ontoclasm_vaults_shout, layout_vaults_chaotic_city
Vaults:3: vaults_room_mumra_shop_pool, nicolae_vaults_big_ls,
          vaults_mumra_minichess, nicolae_vaults_circle_grid_b,
          vaults_room_corners, hangedman_vaults_trim, serial_ice_b,
          nicolae_vaults_yaktaur_gun_rack, nicolae_vaults_little_squares_1,
          v_misc_24, ontoclasm_vaults_eye, hangedman_vaults_impose,
          nicolae_vaults_little_squares_3, nicolae_vaults_little_squares_6,
          layout_vaults_ring, serial_shops, shop, uniq_mennas, uniq_mara
Vaults:4: v_alt_pattern_1, hangedman_vaults_river_flow,
          nicolae_vaults_diagonal_hallway_6, ontoclasm_vaults_misaligned,
          nicolae_vaults_network_barrier, nicolae_vaults_little_ls,
          dpeg_vaults_waves, hangedman_vaults_unwind, v_misc_23,
          hangedman_vaults_cutoff, v_rooms_1, vaults_room_door_hall,
          layout_vaults_maze
Vaults:5: serial_shops
Crypt:1:  cheibrodos_crypt_draghalla, layout_catacombs
Crypt:2:  layout_chaotic_city, mu_enter_wizlab_1, due_unseen_surprise
Crypt:3:  church_of_pain_bobbens, layout_chaotic_city,
          gammafunk_ghost_fury_of_okawaru, minmay_guarded_unrand_skullcrusher,
          uniq_frederick, uniq_jory
Depths:1: layout_roguey, enter_ziggurat_a, hell_entry, minmay_room_of_horrors,
          minmay_misc_feat_chi, grunt_qazlal_clouds, kennysheep_random_hallway,
          serial_bayou_shore_b
Depths:2: minmay_containers, layout_cave_shapes, grunt_mini_vestibule,
          serial_shops, shop, nicolae_shop_trees, kennysheep_generic_room_9
Depths:3: kennysheep_large_vault, layout_twisted_cross, serial_bayou_pond_b,
          hellmouth_1, rand_demon_pan_entry_3
Depths:4: constructs_gauntlet_mu_hangedman, layout_cave_shapes,
          hangedman_coc_ice_floe, serial_shops, nicolae_shop_stone, shop,
          kennysheep_mini_moat, shop, minmay_tree_intersection,
          abyss_entry_crystal, minmay_guarded_unrand_wrath_of_trog,
          infiniplex_staircase_pool_lava
Depths:5: evilmike_zot_entry_basic, layout_gridlike,
          hangedman_abyss_or_decor_slice, abyss_entry_glasseish, hell_entry,
          grunt_megastairs_4, minmay_shop_grove, uniq_saint_roka
Hell
Dis:1:    layout_subdivisions
Dis:2:    layout_overlapping_boxes
Dis:3:    layout_chaotic_city, nicolae_dis_lava_storage_tank
Dis:4:    layout_subdivisions
Dis:5:    layout_chaotic_city
Dis:6:    layout_gridville
Dis:7:    dis_grunt_layers
Geh:1:    layout_gehenna_pools_basic
Geh:2:    layout_gehenna_pools_box
Geh:3:    layout_gehenna_lava_caves
Geh:4:    layout_gehenna_pools_triple
Geh:5:    layout_gehenna_pools_triple
Geh:6:    layout_gehenna_lava_caves, nicolae_geh_single_fiery_grave
Geh:7:    geh_grunt_pentagon
Pan:      rand_demon_6, layout_basic, evilmike_mnoleg_eyes, layout_basic,
          pan_blood_fountain, rand_demon_1, layout_basic, pan_blood_fountain,
          evilmike_mini_pan_thingy, layout_stronghold,
          gammafunk_dig_for_victory, layout_gridville, nicolae_pan_mnolegish_5,
          nicolae_pan_sigil_nadil, rand_demon_4, layout_small_grid,
          reaverb_pan_squares, nicolae_pan_sigil_obb, cerebov, layout_rooms,
          evilmike_gloorx_vloq_box, layout_chambers, nicolae_pan_lom_lobonic_2,
          lom_lobon_grunt_wind_tunnels, layout_gridlike, pan_blood_fountain_2,
          grunt_pan_pentagram, layout_small_grid, nicolae_pan_double_arrow,
          layout_grid_shapes, uniq_ignacio, pan_blood_fountain_2,
          evilmike_mini_pan_doors, layout_stronghold,
          evilmike_mini_pan_possible_glass, layout_grid_shapes

Skill      XL: |  1  2  3  4  5  6  7  8  9 10 11 12 13 14 15 16 17 18 19 20 21 22 23 24 25 26 27 |
---------------+----------------------------------------------------------------------------------+-----
Axes           | 4 5 7 8 9 11 13 15 | 15.6
Invocations    | 1 2 3 4 12 | 12.0
Polearms       | 4 11 12 13 15 16 17 18 20 21 23 24 25 26 27 | 27.0
Fighting       | 7 10 12 14 15 16 17 18 19 20 21 22 23 27 | 27.0
Armour         | 6 10 14 17 18 19 20 21 27 | 27.0
Shields        | 4 6 9 14 16 17 18 19 20 22 23 24 25 27 | 27.0
Evocations     | 2 5 7 9 11 12 | 12.0
Dodging        | 7 9 11 27 | 27.0
Translocations | 20 | 20.2
Spellcasting   | 13 | 13.7
Stealth        | |  1.5
Transmutations | |  0.7
Fire Magic     | |  0.7
Ice Magic      | |  0.6
Air Magic      | |  0.5
Earth Magic    | |  0.8
Poison Magic   | |  0.5

Action                   |  1- 3 |  4- 6 |  7- 9 | 10-12 | 13-15 | 16-18 | 19-21 | 22-24 | 25-27 || total
-------------------------+-------+-------+-------+-------+-------+-------+-------+-------+-------++-------
Melee: Hand axe          |    81 |   134 |       |       |       |       |       |       |       ||   215
       Headbutt          |    11 |    26 |    82 |    86 |   301 |   273 |   563 |   526 |  2046 ||  3914
       War axe           |       |    52 |   372 |       |       |       |       |       |       ||   424
       Trident           |       |       |    19 |   504 |  1303 |  1007 |  1840 |       |   421 ||  5094
       Demon trident     |       |       |       |       |       |       |    40 |  1749 |  2551 ||  4340
       Trishula          |       |       |       |       |       |       |       |       |  4834 ||  4834
       Peck              |       |       |       |       |       |       |       |       |   859 ||   859
 Cast: Manifold Assault  |       |       |       |       |       |       |       |       |   151 ||   151
       Passage of Golubr |       |       |       |       |       |       |       |       |     3 ||     3
       Blink             |       |       |       |       |       |       |       |       |     1 ||     1
Invok: Heroism           |       |       |     6 |    15 |     5 |     3 |     6 |     3 |    13 ||    51
       Finesse           |       |       |       |     2 |     3 |     1 |     5 |     3 |     7 ||    21
       Summon Divine War |       |       |       |       |       |       |       |       |    33 ||    33
       Cleansing Flame   |       |       |       |       |       |       |       |       |     9 ||     9
       Divine Shield     |       |       |       |       |       |       |       |       |     4 ||     4
       Brand Weapon With |       |       |       |       |       |       |       |       |     1 ||     1
 Abil: Evoke Berserk Rag |       |       |       |       |     3 |     1 |     3 |       |     1 ||     8
Evoke: Wand              |       |       |       |       |       |       |       |       |     6 ||     6
  Use: Potion            |     1 |     3 |     1 |     3 |     1 |     3 |     3 |       |    25 ||    40
       Scroll            |       |     3 |     1 |     7 |    16 |    10 |    11 |     2 |    14 ||    64
 Stab: Sleeping          |     2 |       |       |       |       |       |       |       |       ||     2
       Distracted        |       |       |       |     1 |       |     1 |       |       |       ||     2
       Confused          |       |       |       |       |       |     1 |       |       |       ||     1
Armor: Robe              |     9 |       |       |       |       |       |       |       |       ||     9
       Scale mail        |     9 |    57 |    50 |       |       |       |       |       |       ||   116
       Gold dragon scale |       |       |   162 |   203 |   350 |   406 |   572 |   345 |  1764 ||  3802
Dodge: Dodged            |    36 |    67 |    72 |    46 |   157 |   164 |   284 |   236 |  1709 ||  2771
Block: Buckler           |       |    21 |    59 |    56 |    41 |       |       |       |       ||   177
       Kite shield       |       |       |       |       |   445 |   512 |   914 |   290 |       ||  2161
       Reflection        |       |       |       |       |       |    10 |    93 |    30 |       ||   133
       Tower shield      |       |       |       |       |       |       |       |   767 |  6016 ||  6783

Table legend: (Time is in decaauts)
 A = Elapsed time spent in this place.
 B = Non-inter-level travel time spent in this place.
 C = Inter-level travel time spent in this place.
 D = Time resting spent in this place.
 E = Time spent auto-exploring this place.
 F = Levels seen in this place.
 G = Mean time per level.
                   A        B        C        D        E       F      G
               +--------+--------+--------+--------+--------+-----+--------+
         Total |  86624 |  80617 |   6007 |   7980 |  48845 |  91 |  951.9 |
       Dungeon |  18324 |  16445 |   1879 |   2093 |  11927 |  15 | 1221.6 |
        Temple |     39 |     28 |     11 |      0 |     27 |   1 |   39.0 |
          Lair |   6028 |   5256 |    772 |     23 |   4148 |   6 | 1004.7 |
         Swamp |   2787 |   2582 |    205 |    269 |   1587 |   4 |  696.8 |
     Snake Pit |   3961 |   3763 |    198 |    481 |   2205 |   4 |  990.2 |
    Slime Pits |   3100 |   2873 |    227 |    804 |   1182 |   5 |  620.0 |
  Orcish Mines |   1821 |   1545 |    276 |     82 |   1010 |   2 |  910.5 |
   Elven Halls |   3175 |   3032 |    143 |    273 |   1862 |   3 | 1058.3 |
        Vaults |   8396 |   7897 |    499 |   1522 |   3968 |   5 | 1679.2 |
         Crypt |   3376 |   3230 |    146 |     91 |   1951 |   3 | 1125.3 |
        Depths |   6679 |   5712 |    967 |    561 |   2999 |   5 | 1335.8 |
          Hell |   1214 |   1023 |    191 |    342 |    379 |   1 | 1214.0 |
           Dis |   6580 |   6285 |    295 |    103 |   4429 |   7 |  940.0 |
       Gehenna |   6898 |   6705 |    193 |    241 |   4009 |   7 |  985.4 |
         Abyss |   1310 |   1310 |      0 |     10 |     21 |   6 |  218.3 |
   Pandemonium |  11310 |  11310 |      0 |    647 |   6847 |  13 |  870.0 |
         Sewer |    716 |    716 |      0 |    426 |    116 |   1 |  716.0 |
       Ossuary |    159 |    159 |      0 |      0 |      0 |   1 |  159.0 |
        Wizlab |    307 |    307 |      0 |      0 |     93 |   1 |  307.0 |
      Gauntlet |    435 |    435 |      0 |      6 |     81 |   1 |  435.0 |
               +--------+--------+--------+--------+--------+-----+--------+

Top non-repeatable levels by time:
   Dis:7: 1887 daAuts
Vaults:5: 1847 daAuts
     D:5: 1794 daAuts
Vaults:2: 1732 daAuts
     D:4: 1666 daAuts
Vaults:3: 1660 daAuts
Depths:1: 1642 daAuts
Vaults:4: 1621 daAuts
Vaults:1: 1535 daAuts
Depths:3: 1484 daAuts
 Crypt:3: 1423 daAuts
     D:1: 1401 daAuts
    D:10: 1371 daAuts
   Geh:7: 1354 daAuts
     D:6: 1297 daAuts
